 Dungeon Crawl Stone Soup version 0.22.1-2-g9c5b331 (webtiles) character file.

10150 diana the Brawler (level 11, -1/101 (102) HPs)
             Began as a Ghoul Gladiator on Nov 20, 2018.
             Was a High Priest of Okawaru.
             Slain by a troll zombie (2 damage)
             ... on level 10 of the Dungeon.
             The game lasted 00:17:32 (9550 turns).

diana the Brawler (Ghoul Gladiator)                 Turns: 9550, Time: 00:17:33

HP:   -1/101 (102)  AC:  6    Str: 22    XL:     11   Next: 57%
MP:   13/13         EV: 13    Int:  3    God:    Okawaru [*****.]
Gold: 550           SH:  0    Dex: 10    Spells: 10/10 levels left

rFire    . . .     SeeInvis +     - Unarmed
rCold    + + .     Gourm    .   (no shield)
rNeg     + + +     Faith    .   g - +2 leather armour {rC+}
rPois    ∞         Spirit   .   b - +0 helmet
rElec    .         Reflect  .   (no cloak)
rCorr    .         Harm     .   (no gloves)
MR       .....                  (no boots)
Stlth    +.........             (no amulet)
HPRegen  0.00/turn              l - ring of see invisible
MPRegen  0.13/turn              y - +1 ring of evasion

@: rotting
A: rotting body, claws 1, carnivore, cold resistance 1, negative energy
resistance 3, inhibited regeneration, torment resistance, unbreathing
a: Heroism, Finesse, Renounce Religion


You were on level 10 of the Dungeon.
You worshipped Okawaru.
Okawaru was extremely pleased with you.
You were not hungry.

You visited 1 branch of the dungeon, and saw 10 of its levels.

You collected 550 gold pieces.

Inventory:

Missiles
 c - 3 throwing nets
 D - 2 steel javelins (quivered)
Armour
 a - a +0 leather armour
 b - a +0 helmet (worn)
 g - a +2 leather armour of cold resistance (worn)
 i - a +1 pair of gloves of strength
 m - a +0 ring mail
 E - a +0 hat of see invisible
Jewellery
 f - an uncursed ring of protection from fire
 l - a ring of see invisible (left claw)
 y - a +1 ring of evasion (right claw)
Wands
 n - a wand of digging (12)
 u - a wand of paralysis (14)
 B - a wand of iceblast (7)
 I - a wand of disintegration (6)
 J - a wand of flame (23)
Scrolls
 h - a scroll of noise
 j - 5 scrolls of remove curse
 k - 2 scrolls of fog {unknown}
 o - a scroll of blinking {unknown}
 p - 3 scrolls of teleportation
 q - 3 scrolls of identify
 s - a scroll of amnesia {unknown}
 t - a scroll of fear {unknown}
 v - 4 scrolls of enchant armour
 A - 2 scrolls of enchant weapon {unknown}
 C - 4 scrolls of immolation {unknown}
Potions
 e - 4 potions of curing
 r - 2 potions of flight
 w - 2 potions of heal wounds
 x - 2 potions of agility
 z - a potion of lignification
 F - a potion of magic
 G - 2 potions of cancellation {unknown}
 H - 2 potions of ambrosia {unknown}
Comestibles
 d - 17 rations


   Skills:
 + Level 11.1 Fighting
 - Level 1.7 Throwing
 - Level 2.6 Dodging
 * Level 15.0 Unarmed Combat
 - Level 4.4 Invocations


You had 10 spell levels left.
You didn't know any spells.
Your spell library was empty.

Dungeon Overview and Level Annotations

Branches:
Dungeon (10/15)            Temple (0/1) D:5             Orc (0/2) D:10
   Lair: D:8-11

Altars:
Elyvilon
Fedhas
Okawaru
Ru
Vehumet
Wu Jian

Annotations:
D:6 1 runed door, magicm's ghost, novice HuFE


Innate Abilities, Weirdness & Mutations

Your body is rotting away.
You thrive on raw meat.
You are immune to poison.
You have sharp fingernails.
You are carnivorous and can eat meat at any time.
Your flesh is cold resistant. (rC+)
You are immune to negative energy. (rN+++)
You do not regenerate when monsters are visible.
You are immune to unholy pain and torment.
You can survive without breathing.


Message History

The troll zombie claws you!
* * * LOW HITPOINT WARNING * * *
The troll zombie claws you.
* * * LOW HITPOINT WARNING * * *
Unknown command.
You claw the troll zombie!
The troll zombie is severely damaged.
You scratch the troll zombie.
The troll zombie is almost destroyed.
The troll zombie closely misses you. The troll zombie misses you.
The troll zombie claws you.
* * * LOW HITPOINT WARNING * * *
You scratch the troll zombie but do no damage.
The troll zombie is almost destroyed.
You claw the troll zombie!
The troll zombie is almost destroyed.
The troll zombie bites you!
* * * LOW HITPOINT WARNING * * *
The troll zombie claws you.
You die...

#.######.##
#.#....## #
#.######.# #
#.....# .#
#........#
##....##.##
####..####
###........ ##.#
#.......#..
#..##### ##
##.###.#....
###......####
.##...# #.##...
#...######..##....#
#.##...
##.#..###...@....#
#.##...
#.###[.#####Z#.#.#
#.# ...
#(...##.#..#Z.# #.#
#. #....#..#....#.#
### #.# #.
##........##..##
#.# #.# ##
###...#.#...#.# #.#
#.# #
#..#..##.###.# #.#
#.# # ##...> ... .
#.###.#####
####...##. .#
#........).


You could see an orc zombie and a troll zombie.

Vanquished Creatures
  Gastronok (D:9)
  4 skeletal warriors (D:9)
  Pikel (D:9)
  A freezing wraith (D:9)
  Prince Ribbit (D:7)
  A wraith (D:10)
  A hungry ghost (D:9)
  Edmund (D:6)
  Menkaure (D:6)
  2 water moccasins
  Duvessa (D:7)
  4 orc warriors
  2 ice beasts
  4 ogres
  4 phantoms
  A slave (D:9)
  3 sky beasts
  A centaur (D:9)
  A big kobold (D:8)
  7 bullfrogs
  Dowan (D:7)
  3 scorpions (D:8)
  A troll zombie (D:10)
  3 killer bees (D:9)
  3 wights (D:10)
  An electric eel (D:6)
  4 howler monkeys
  5 crimson imps
  3 centaur zombies
  A bullfrog zombie (D:5)
  4 hounds
  A centaur skeleton (D:7)
  2 jellies (D:8)
  14 orc wizards
  A gnoll shaman (D:7)
  8 orc priests
  Jessica (D:2)
  An iguana (D:3)
  5 worker ants
  3 ogre zombies (D:10)
  2 worker ant zombies
  5 gnolls (D:7)
  A howler monkey skeleton (D:5)
  6 river rats (D:7)
  8 adders
  2 shadow imps
  A worm (D:6)
  3 dart slugs
  6 leopard geckos
  44 orcs
  A ball python (D:2)
  3 giant cockroaches
  6 goblins
  4 hobgoblins
  15 jackals
  8 kobolds
  9 quokkas
  5 bats
  3 frilled lizards
  A giant cockroach zombie (D:6)
  2 goblin zombies (D:10)
  2 hobgoblin skeletons (D:10)
  A hobgoblin zombie (D:10)
  A jackal skeleton (D:7)
  2 jackal zombies
  A leopard gecko skeleton (D:8)
  3 orc skeletons (D:10)
  5 orc zombies (D:10)
  A quokka zombie (D:7)
  19 rats
277 creatures vanquished.

Notes
Turn   | Place    | Note
-------+----------+-------------------------------------------
     0 | D:1      | diana the Ghoul Gladiator began the quest for the Orb.
     0 | D:1      | Reached XP level 1. HP: 17/17 MP: 0/0
   398 | D:1      | Reached XP level 2. HP: 23/23 MP: 1/1
   806 | D:1      | Reached skill level 4 in Unarmed Combat
  1085 | D:1      | You fall through a shaft!
  1148 | D:2      | Found an iron altar of Okawaru.
  1160 | D:2      | Reached XP level 3. HP: 20/26 MP: 2/2
  1161 | D:2      | Became a worshipper of Warmaster Okawaru
  1259 | D:2      | Noticed Jessica
  1265 | D:2      | Killed Jessica
  1453 | D:2      | Reached XP level 4. HP: 34/36 MP: 3/3
  1539 | D:3      | Found a faded altar of an unknown god.
  1676 | D:3      | Reached skill level 5 in Unarmed Combat
  1881 | D:3      | Reached XP level 5. HP: 37/45 MP: 4/4
  2102 | D:3      | HP: 2/46 [orc wizard/magic dart (6)]
  2416 | D:3      | Reached * piety under Okawaru
  2678 | D:4      | Reached skill level 6 in Unarmed Combat
  2678 | D:4      | Reached XP level 6. HP: 46/52 MP: 5/5
  2977 | D:4      | Reached skill level 7 in Unarmed Combat
  2980 | D:4      | Reached XP level 7. HP: 60/60 MP: 6/6
  3147 | D:4      | Reached skill level 5 in Fighting
  3551 | D:5      | Entered Level 5 of the Dungeon
  3577 | D:5      | Reached ** piety under Okawaru
  3649 | D:5      | Found a white marble altar of Elyvilon.
  3711 | D:5      | Found a staircase to the Ecumenical Temple.
  3739 | D:5      | Reached skill level 1 in Invocations
  3944 | D:5      | Found a sacrificial altar of Ru.
  4387 | D:6      | Noticed Edmund
  4487 | D:5      | Reached skill level 8 in Unarmed Combat
  4569 | D:6      | Reached XP level 8. HP: 40/70 MP: 8/8
  4695 | D:6      | Killed Edmund
  4806 | D:6      | Reached *** piety under Okawaru
  4923 | D:6      | Found a blossoming altar of Fedhas.
  4953 | D:6      | Noticed Menkaure
  4961 | D:6      | Killed Menkaure
  4961 | D:6      | Reached skill level 9 in Unarmed Combat
  5508 | D:6      | Found a runed door.
  5511 | D:6      | Noticed magicm's ghost (novice HuFE)
  5842 | D:7      | Reached XP level 9. HP: 70/78 MP: 11/11
  5872 | D:7      | Noticed Prince Ribbit
  5910 | D:7      | Killed Prince Ribbit
  5910 | D:7      | Reached skill level 10 in Unarmed Combat
  6310 | D:7      | Reached **** piety under Okawaru
  6385 | D:7      | Received a gift from Okawaru
  6460 | D:7      | Noticed Duvessa
  6461 | D:7      | Noticed Dowan
  6466 | D:7      | Killed Duvessa
  6476 | D:7      | Killed Dowan
  6563 | D:7      | Reached skill level 11 in Unarmed Combat
  7149 | D:8      | Reached XP level 10. HP: 59/90 MP: 12/12
  7157 | D:8      | Reached skill level 12 in Unarmed Combat
  7204 | D:8      | Reached ***** piety under Okawaru
  7608 | D:9      | Noticed a skeletal warrior
  7633 | D:9      | Killed a skeletal warrior
  7633 | D:9      | Received a gift from Okawaru
  7636 | D:9      | Noticed a skeletal warrior
  7658 | D:9      | Noticed a skeletal warrior
  8168 | D:9      | Reached skill level 13 in Unarmed Combat
  8191 | D:9      | Found a sacrificial altar of Ru.
  8245 | D:9      | Killed a skeletal warrior
  8246 | D:9      | Noticed a skeletal warrior
  8414 | D:9      | Killed a skeletal warrior
  8414 | D:9      | Reached skill level 10 in Fighting
  8440 | D:9      | Killed a skeletal warrior
  8440 | D:9      | Reached XP level 11. HP: 56/100 MP: 13/13
  8632 | D:9      | Noticed Pikel
  8746 | D:9      | Reached skill level 14 in Unarmed Combat
  8761 | D:9      | Noticed Gastronok
  8777 | D:9      | Killed Gastronok
  9180 | D:9      | Killed Pikel
  9219 | D:9      | Found an iron altar of Okawaru.
  9219 | D:9      | Found a radiant altar of Vehumet.
  9227 | D:9      | Found an ornate altar of the Wu Jian Council.
  9308 | D:10     | Entered Level 10 of the Dungeon
  9493 | D:10     | Received a gift from Okawaru
  9504 | D:10     | Found a staircase to the Orcish Mines.
  9505 | D:10     | Reached skill level 15 in Unarmed Combat
  9550 | D:10     | HP: 1/101 [troll zombie (11)]
  9550 | D:10     | Slain by a troll zombie

Skill      XL: |  1  2  3  4  5  6  7  8  9 10 11 |
---------------+----------------------------------+-----
Unarmed Combat | 4 5 6 7 8 9 11 13 15 | 15.0
Fighting       | 3 4 5 6 8 10 11 | 11.1
Invocations    | 2 4 |  4.4
Throwing       | |  1.7
Dodging        | |  2.6

Action                   |  1- 3 |  4- 6 |  7- 9 | 10-12 || total
-------------------------+-------+-------+-------+-------++-------
Melee: Unarmed           |    87 |   162 |   423 |   311 ||   983
       Punch             |       |     4 |    17 |    14 ||    35
Throw: Throwing net      |       |     1 |       |     1 ||     2
       Javelin           |       |       |       |     3 ||     3
  Use: Potion            |       |     1 |     5 |       ||     6
       Scroll            |       |       |     2 |     6 ||     8
  Eat: Chunk             |     4 |    14 |    35 |    36 ||    89
Armor: Leather armour    |    15 |       |    59 |    67 ||   141
       Ring mail         |       |    39 |    20 |       ||    59
Dodge: Dodged            |    59 |    85 |   243 |   141 ||   528
